 Dungeon Crawl Stone Soup version 0.13.2 (webtiles) character file.

238 Zuldar the Caller (level 4, -6/33 HPs)
             Began as a Draconian Summoner on Jan 22, 2016.
             Shot with an arrow by a centaur (8 damage)
             ... on Level 3 of the Dungeon.
             The game lasted 00:37:31 (3617 turns).

Zuldar the Caller (Draconian Summoner)              Turns: 3617, Time: 00:37:31

HP  -6/33        AC  7     Str 10      XL: 4   Next: 56%
MP   3/7         EV 12     Int 16      God:
Gold 131         SH  0     Dex 12      Spells:  2 memorised,  2 levels left

Res.Fire  : . . .   See Invis. : .   j - +0 dwarf hand axe
Res.Cold  : . . .   Warding    : .   (armour unavailable)
Life Prot.: . . .   Conserve   : .   (no shield)
Res.Poison: .       Res.Corr.  : .   (helmet restricted)
Res.Elec. : .       Clarity    : .   r - +0 cloak
Sust.Abil.: . .     Spirit.Shd : .   (no gloves)
Res.Mut.  : .       Stasis     : .   n - +0 pair of boots
Res.Rott. : .       Flight     : .   (no amulet)
Saprovore : . . .                    (no ring)
                                     (no ring)

@: slightly resistant to hostile enchantments, unstealthy
A: unfitting armour, talons 1, berserk 1, blink 1, AC +5
a: Blink


You were on level 3 of the Dungeon.
You were hungry.

You visited 1 branch of the dungeon, and saw 3 of its levels.

You collected 111 gold pieces.

Inventory:

Hand weapons
 j - a +0,+0 dwarven hand axe (weapon)
Missiles
 h - 4 curare-tipped needles
 s - 30 stones (quivered)
Armour
 n - a +0 pair of boots (worn)
 r - a +0 cloak (worn)
Comestibles
 c - 3 bread rations
 k - 2 meat rations
 l - a choko
 v - a chunk of adder flesh
Scrolls
 a - 2 scrolls of amnesia {unknown}
 e - 3 scrolls of magic mapping {unknown}
 f - a scroll of remove curse {unknown}
 g - a scroll of identify {unknown}
 i - a scroll of enchant weapon I {unknown}
 t - 2 scrolls of teleportation {unknown}
Jewellery
 m - an uncursed amulet of resist mutation {unknown}
Potions
 d - a potion of agility {unknown}
 o - a potion of cure mutation {unknown}
 q - a potion of magic {unknown}
Books
 b - a book of Callings

   Spells                             Type                      Level
   *Summon Small Mammal               Summoning                    1
   *Call Imp                          Summoning                    2
   Call Canine Familiar               Summoning                    3
   Summon Scorpions                   Summoning/Poison             4
   Summon Ice Beast                   Ice/Summoning                4
Magical staves
 y - an uncursed staff of wizardry {unknown}


   Skills:
 - Level 1.7 Dodging
 - Level 1.7 Stealth
 - Level 1.0 Spellcasting
 + Level 6.0 Summonings


You had 2 spell levels left.
You knew the following spells:

 Your Spells              Type           Power        Failure   Level  Hunger
a - Summon Small Mammal   Summ           ###.         1%          1    ##.....
b - Call Imp              Summ           ###.......   3%          2    ###....


Dungeon Overview and Level Annotations

Branches:
Dungeon (3/27)

Altars:
Yredelemnul
the Shining One


Innate Abilities, Weirdness & Mutations

Your plain brown scales are hard (AC +5).
Your body does not fit into most forms of armour.
Your cold-blooded metabolism reacts poorly to cold.
You have sharp toenails.
You tend to lose your temper in combat.
You can translocate small distances at will.


Message History

You feel jittery.
It was a potion of mutation.
Your bat closely misses the crimson imp.
The centaur closely misses you.
Your crimson imp hits the crimson imp but does no damage.
The crimson imp hits your bat.
Your bat dies!
Your bat's corpse disappears in a puff of smoke!
Use which ability? (? or * to list)
Okay, then.
Throwing (i - inventory):
s - 30 stones (quivered)
Press: ? - help, Shift-Dir - straight line Your line of fire to the targeted stone staircase leading up is blocked by a granite statue.
Continue anyway?
Okay, then.
Use which ability? (? or * to list)
You blink.
You feel slightly more hungry.
Your crimson imp blinks!
The centaur wields an uncursed bow.
The centaur shoots an arrow.
The arrow hits you!
You die...

............# ......
...........# .>....
...........# .......
#.....(...# ###.#.
#.........# . # #.........#
####### ...#####.........#
.......
..............(..##.......
................@..........
.............###...###+####
............#.#..5.......#
..c.........#'#c......##.#
..#######..%%((..ยง..5###.##
#8.#...#.8........#
####...###..#.###.#
#._.##)<##.###...
#...##.......#.#.#


You could see a centaur, a crimson imp and a friendly crimson imp.

Vanquished Creatures
  4 adders
  A giant mite (D:2)
  A worm (D:2)
  A giant gecko (D:2)
  3 goblins
  6 hobgoblins
  2 jackals (D:2)
  4 bats
  A human zombie (D:3)
  4 kobolds
  3 rats
30 creatures vanquished.

Vanquished Creatures (collateral kills)
  A human (D:3)
  2 adders (D:2)
  A human zombie (D:3)
  A giant gecko (D:2)
  2 giant cockroaches (D:1)
  9 hobgoblins
  A jackal (D:2)
  A kobold (D:2)
  4 bats (D:1)
  3 giant newts
  5 goblins
30 creatures vanquished.

Vanquished Creatures (others)
  2 crimson imps (D:3)
  5 grey rats (D:2)
  5 quokkas (D:2)
  6 bats
  12 rats
30 creatures vanquished.

Grand Total: 90 creatures vanquished

Notes
Turn   | Place    | Note
--------------------------------------------------------------
     0 | D:1      | Zuldar, the Draconian Summoner, began the quest for the Orb.
     0 | D:1      | Reached XP level 1. HP: 14/14 MP: 3/3
   850 | D:1      | Reached XP level 2. HP: 18/20 MP: 0/4
  1659 | D:2      | Reached skill level 5 in Summonings
  1659 | D:2      | Reached XP level 3. HP: 10/26 MP: 2/5
  2687 | D:2      | Reached XP level 4. HP: 33/33 MP: 7/7
  2771 | D:2      | Found a glowing golden altar of the Shining One.
  3141 | D:3      | Learned a level 2 spell: Call Imp
  3472 | D:3      | Found a basalt altar of Yredelemnul.
  3501 | D:3      | Noticed a centaur
  3547 | D:3      | Reached skill level 6 in Summonings
  3616 | D:3      | Gained mutation: You have sharp toenails. [potion of mutation]
  3616 | D:3      | Gained mutation: You tend to lose your temper in combat. [potion of mutation]
  3616 | D:3      | Gained mutation: You can translocate small distances at will. [potion of mutation]
  3617 | D:3      | Shot with an arrow by a centaur

Action                   |  1- 3 |  4- 6 || total
-------------------------+-------+-------++-------
Melee: Unarmed           |    38 |       ||    38
       Hand axe          |    89 |    56 ||   145
 Cast: Summon Small Mamm |    76 |    12 ||    88
       Call Imp          |       |     6 ||     6
 Abil: Blink             |       |     1 ||     1
  Use: Potion            |       |     2 ||     2
 Stab: Distracted        |       |     1 ||     1
